AoeStats
← Tyler8274

Arabia

510018596Analyzed
1v1 RM · 4d ago on Sep 29, 2026· 26m 55s· 2 players
Game mode
Random Map
Map size
Tiny (2 player)
Population
200
Speed
Normal
Resources
Standard
Victory
Conquest
Starting age
Dark Age
Ending age
Imperial Age
RankedLock teamsTeams togetherTeam positionsShared explorationLock speedFull tech treeHidden civsTurbo modeCheats
Victory
Defeat
🇦🇷 Berbers · Argentina
908
+16
🇺🇸 Goths · United States
909
-42
diegolalms
6:55 Loom
9:47 Feudal Age
10:37 Double-Bit Axe
10:48 Horse Collar
16:32 Wheelbarrow
17:33 Wheelbarrow
21:00 Castle Age
19:04 Gold Mining
20:00 Scale Barding Armor
20:08 Bloodlines
22:08 Chain Barding Armor
21:59 Bow Saw
25:11 Forging
Tyler8274
4:10 Loom
10:50 Feudal Age
13:09 Man-at-Arms
15:14 Double-Bit Axe
15:13 Horse Collar
21:36 Fletching
21:46 Padded Archer Armor
25:14 Castle Age
26:46 Forging
Connection lost

Rejoining the realm…

Still unreachable

The connection could not be restored.

Session expired

The server has moved on; the page needs a fresh start.